Map: Winter's Gate LE

Players

Sareph - Winner!

  • Race: Terran Terran
  • League: Platinum
  • Spawn Location: 11:00

pHARM

  • Race: Zerg Zerg
  • League: Platinum
  • Spawn Location: 5:00

VOD

Have the link to the VOD?

Description

Time

  • Played on: Oct. 5, 2019, 10:39 p.m.
  • Length: 8:24
Show
View Real Time Build Order
Export as new Build Order

Sareph Terran - Winner!

Build Orders: 1/1/1, Banshee Rush 

Get SALT Encoding   

  12  0:02  SCV  
  14  0:14  SCV  
  14  0:18  Supply Depot  
  14  0:26  SCV  
  15  0:39  SCV  
  15  0:41  Barracks  
  16  0:45  Refinery  
  16  0:51  SCV  
  17  1:00  Refinery  
  17  1:03  SCV  
  18  1:15  SCV  
  19  1:28  Orbital Command, Supply Depot  
  19  1:35  Marine  
  20  1:40  Factory  
  20  1:53  Marine  
  21  1:54  SCV  
  22  2:06  SCV  
  23  2:11  Marine  
  24  2:19  SCV  
  25  2:25  Starport  
  25  2:26  Starport  
  25  2:32  SCV  
  26  2:44  Marine, SCV  
  28  2:52  Supply Depot  
  28  2:56  SCV  
  29  3:06  Starport Tech Lab  
  29  3:07  Starport Tech Lab  
  29  3:14  Supply Depot  
  29  3:25  Cloaking Field  
  29  3:28  Banshee x2  
  35  3:48  Command Center  
  35  4:07  Engineering Bay  
  35  4:10  Banshee  
  35  4:11  Banshee  
  41  4:33  Armory  
  41  5:08  Banshee x2  
  47  5:17  Command Center  
  47  5:24  Missile Turret  
  47  5:46  Missile Turret  
  47  5:52  Planetary Fortress  
  47  6:21  SCV  
  47  6:23  Missile Turret  
  48  6:34  SCV  
  49  6:44  Supply Depot  
  49  6:46  SCV  
  50  6:58  SCV  
  50  7:02  Supply Depot  
  50  7:07  Refinery  
  50  7:08  Refinery  
  50  7:10  SCV  
  51  7:28  Planetary Fortress  
  51  7:49  Refinery  
  51  7:52  Supply Depot  
  51  8:03  Barracks Tech Lab  
  51  8:10  Refinery  
Show
View Real Time Build Order
Export as new Build Order

pHARM Zerg 

Build Orders: Hatch First 

Get SALT Encoding   

  12  0:01  Drone  
  13  0:14  Overlord  
  13  0:16  Drone  
  14  0:32  Drone  
  14  0:33  Drone  
  16  0:42  Drone  
  17  0:55  Drone  
  18  0:57  Hatchery  
  18  1:04  Drone  
  18  1:16  Drone  
  19  1:20  Spawning Pool  
  19  1:22  Drone  
  19  1:31  Drone  
  20  1:42  Extractor  
  19  1:47  Drone  
  20  2:08  Drone x2  
  22  2:10  Queen x2  
  22  2:12  Overlord  
  22  2:14  Zergling x2  
  27  2:35  Drone x4  
  31  2:47  Overlord x2  
  31  2:50  Queen  
  33  3:02  Drone x2  
  33  3:03  Spine Crawler  
  34  3:07  Metabolic Boost  
  34  3:14  Drone x3  
  39  3:24  Pneumatized Carapace  
  39  3:25  Drone x5  
  39  3:26  Drone x2  
  44  3:45  Hatchery, Extractor  
  44  3:47  Extractor  
  41  3:48  Evolution Chamber  
  41  3:50  Evolution Chamber  
  41  3:51  Drone  
  41  3:52  Drone x3  
  43  4:04  Drone x3  
  46  4:22  Baneling Nest, Zerg Ground Armor Level 1  
  45  4:32  Zerg Melee Weapons Level 1  
  45  4:33  Zergling x2  
  45  4:34  Zergling x12  
  52  4:40  Overlord x3  
  52  4:43  Spore Crawler  
  51  4:46  Spore Crawler, Queen  
  48  5:08  Spore Crawler  
  48  5:09  Queen x2  
  49  5:28  Spore Crawler  
  41  5:51  Zergling x18  
  50  6:01  Baneling x3  
  50  6:02  Baneling x13  
  48  6:17  Spore Crawler  
  32  7:00  Lair  
  29  7:16  Hatchery  
  29  7:32  Spawning Pool  
  28  7:43  Hatchery  
Tags
 
Add a new tag
Caveats
  • Supply blocks, unpowered buildings, or Contaminate may cause inaccurate times.
  • Supply counts are checked every 10 seconds.